 Dungeon Crawl Stone Soup version 0.30.1-9-gdf580d7c3d (webtiles) character file.

Game seed: 1140272043644778477

27702 fleeber the Fighter (level 13, -1/104 HPs)
             Began as a Djinni Fire Elementalist on Sept 6, 2023.
             Was a High Priest of Makhleb.
             Slain by a five-headed hydra (4 damage)
             ... while petrified by a basilisk
             ... on level 2 of the Lair of Beasts on Sept 25, 2023.
             The game lasted 01:16:41 (14600 turns).

fleeber the Fighter (Djinni Fire Elementalist)     Turns: 14600, Time: 01:16:42

Health: -1/104     AC:  9    Str:  9    XL:     13   Next: 67%
Gold:   441        EV:  2    Int: 21    God:    Makhleb [*****.] SH:  0 Dex: 16

rFire   + + +        K - +4 scimitar (flame)
rCold   x . .        J - +2 buckler {rF+}
rNeg    + + +        x - +0 troll leather armour
rPois   ∞            q - +2 helmet {Int+3}
rElec   .            y - +0 cloak
rCorr   +            E - +0 pair of gloves
SInv    +            (boots unavailable)
Will    +....        (no amulet)
Stlth   ++           d - ring of resist corrosion
HPRegen 1.17/turn    H - ring of see invisible
MPRegen 0.00/turn

%: infuse magic (-2 HP)
@: petrified, flying
A: sickness immunity, fire resistance 2, cold vulnerability 1, float, innate
caster, HP casting, extra vitality 1
a: Renounce Religion, Minor Destruction, Lesser Servant of Makhleb, Major
Destruction, Greater Servant of Makhleb


You were on level 2 of the Lair of Beasts.
You worshipped Makhleb.
Makhleb was extremely pleased with you.
You visited 3 branches of the dungeon, and saw 14 of its levels.

You collected 731 gold pieces.
You spent 290 gold pieces at shops.

Inventory:

Hand Weapons
 K - a +4 scimitar of flaming (weapon)
Armour
 q - a +2 helmet of intelligence (worn)
 x - a +0 troll leather armour (worn)
 y - a +0 cloak (worn)
 E - a +0 pair of gloves (worn)
 J - a +2 buckler of fire resistance (worn)
Jewellery
 d - a ring of resist corrosion (left hand)
 H - a ring of see invisible (right hand)
Wands
 k - a wand of acid (9)
 C - a wand of mindburst (11)
 I - a wand of iceblast (2)
Scrolls
 a - a scroll of amnesia
 c - 5 scrolls of teleportation
 e - a scroll of brand weapon
 g - 4 scrolls of immolation
 i - 4 scrolls of fog
 m - 5 scrolls of silence
 r - 2 scrolls of magic mapping
 u - a scroll of enchant weapon
 w - a scroll of blinking
 z - a scroll of enchant armour
 A - a scroll of torment
 B - 2 scrolls of noise
 F - a scroll of vulnerability
Potions
 b - a potion of magic
 f - a potion of cancellation
 j - 5 potions of brilliance
 l - 8 potions of curing
 n - 3 potions of lignification
 o - 2 potions of haste
 p - 4 potions of mutation
 s - 2 potions of resistance
 v - 2 potions of degeneration
 D - a potion of attraction
 G - a potion of ambrosia {unknown}
 L - 2 potions of heal wounds
Miscellaneous
 h - a tin of tremorstones (2/2)
 t - a phial of floods


   Skills:
 * Level 13.8 Fighting
 + Level 11.0 Dodging
 - Level 1.5 Stealth
 - Level 4.0 Shields
 * Level 11.1 Spellcasting


You knew the following spells:

 Your Spells              Type           Power      Damage    Failure   Level
a - Foxfire               Conj/Fire      100%       2x1d9     1%          1
b - Scorch                Fire           100%       2d9       1%          2
c - Volatile Blastmotes   Fire/Tloc      100%       2d18      1%          3
d - Iskenderun's Mystic   Conj/Tloc      55%        2d12      1%          4
e - Flame Wave            Conj/Fire      55%        2d13      1%          4
f - Inner Flame           Hex/Fire       55%        N/A       1%          3
g - Wereblood             Tmut           55%        N/A       1%          2
h - Static Discharge      Conj/Air       100%       2-7/arc   1%          2
i - Beastly Appendage     Tmut           100%       N/A       1%          1
j - Animate Dead          Necr           55%        N/A       1%          4
k - Agony                 Necr           55%        N/A       3%          5
Your spell library was empty.

Dungeon Overview and Level Annotations

Branches:
Dungeon (11/15)            Temple (1/1) D:4            Lair (2/5) D:10
    Orc (0/2) D:9
  Swamp: Lair:2-3    Shoals: Lair:2-3     Snake: Lair:2-3    Spider: Lair:2-3

Altars:
Ashenzari
Cheibriados
Dithmenos
Elyvilon
Fedhas
Gozag
Hepliaklqana
Makhleb
Nemelex Xobeh
Okawaru
Qazlal
Ru
Trog
Uskayaw
Wu Jian
Xom
Yredelemnul
Zin
The Shining One

Shops:
D:9 !(*?   D:10 :

Annotations:
D:4 exclusion: downstairs
D:5 exclusion: downstairs
D:7 3 runed translucent doors, exclusion: downstairs, Psyclone's ghost, novice DECj
D:9 exclusion: downstairs


Innate Abilities, Weirdness & Mutations

You are immune to sickness and miasma.
You are immune to poison.
Your flesh is very heat resistant. (rF++)
You are vulnerable to cold. (rC-)
You float through the air rather than walking.
You learn spells naturally, not from books.
Your magical power is your life essence.
You have superior vitality. (+4 MHP)


Message History

You are slowing down.
You can't see any susceptible monsters within range! (Use Z to cast anyway.) Flames lash the basilisk.
The basilisk is almost dead.
The basilisk's fire resistance burns away.
Your limbs are stiffening.
You erupt in a blast of force!
The mystic blast hits the basilisk.
You kill the basilisk!
Makhleb accepts your kill.
You feel better.
The mystic blast hits the five-headed hydra.
The five-headed hydra is almost dead.
The five-headed hydra is knocked back by the mystic blast.
You have turned to stone.
The five-headed hydra bites you. x2; The five-headed hydra bites you!
The five-headed hydra bites you.
The five-headed hydra bites you but does no damage.
The five-headed hydra bites you. x4; The five-headed hydra bites you!
* * * LOW HITPOINT WARNING * * *
The five-headed hydra bites you!
* * * LOW HITPOINT WARNING * * *
The five-headed hydra bites you!
* * * LOW HITPOINT WARNING * * *
The five-headed hydra bites you!
* * * LOW HITPOINT WARNING * * *
The five-headed hydra completely misses you.
The five-headed hydra barely misses you.
The five-headed hydra bites you.
* * * LOW HITPOINT WARNING * * *
The five-headed hydra bites you. The five-headed hydra bites you!
* * * LOW HITPOINT WARNING * * *
The five-headed hydra completely misses you.
The five-headed hydra bites you but does no damage.
The five-headed hydra bites you but does no damage. x3
The five-headed hydra bites you!
* * * LOW HITPOINT WARNING * * *
The five-headed hydra bites you!
* * * LOW HITPOINT WARNING * * *
The five-headed hydra bites you!
You die...

......#.....#....
......#..........
#.................
#.#.).............
.......#..........
#......##'#......
.#...).†.†........
.....[†D..........
.<..†††@..........
#......†..........
##.....†......P..♣
#......##..#.♣P♣♣
..>.........#♣♣♣P
.........#.....♣
P.......##...#.P♣
.............#♣♣♣
#.......##....♣


You could see a five-headed hydra.

Vanquished Creatures
  A fire giant (D:11)
  An ettin (D:11)
  A hydra (D:11)
  A boulder beetle (D:11)
  2 centaur warriors
  3 two-headed ogres
  4 lindwurms (D:11)
  A cyclops (D:11)
  3 ugly things
  A manticore (D:9)
  3 cane toads (Lair:2)
  An efreet (D:11)
  3 kobold demonologists
  3 unseen horrors (D:11)
  A rime drake (Lair:1)
  A yaktaur (D:11)
  5 komodo dragons
  5 trolls
  7 blink frogs
  A hornet (D:9)
  A spriggan (Lair:2)
  Sigmund (D:2)
  4 wyverns
  2 basilisks
  3 wraiths
  7 yaks
  A vampire (D:6)
  2 steam dragons
  3 acid dragons
  A floating eye (shapeshifter) (D:11)
  11 water moccasins
  4 ice beasts
  2 sky beasts
  4 black bears
  12 orc warriors
  8 centaurs
  2 wolves (Lair:2)
  2 kobold brigands
  3 phantoms
  14 bullfrogs
  2 scorpions
  2 gnoll sergeants
  10 wights
  10 killer bees
  7 howler monkeys
  6 jellies
  7 hounds
  3 orc priests
  Jessica (D:2)
  20 orc wizards
  Terence (D:2)
  3 iguanas
  Robin (D:3)
  9 adders
  14 gnolls
  3 white imps
  3 ufetubi
  2 worms
  2 dart slugs (D:1)
  54 orcs
  6 ball pythons
  4 endoplasms
  3 giant cockroaches
  15 goblins
  7 hobgoblins
  17 kobolds
  6 quokkas
  4 bats
  5 frilled lizards
  2 orc zombies (D:8)
  2 rats
366 creatures vanquished.

Vanquished Creatures (others)
  3 orc zombies (D:8)
  547 foxfires
550 creatures vanquished.

Grand Total: 916 creatures vanquished

Notes
Turn   | Place    | Note
-------+----------+-------------------------------------------
     0 | D:1      | fleeber the Djinni Fire Elementalist began the quest for
                  | the Orb.
     0 | D:1      | fleeber set off with the following spells memorised:
                  | Foxfire, Scorch, Volatile Blastmotes, Inner Flame, Flame
                  | Wave.
     0 | D:1      | Reached XP level 1. HP: 15/15 MP: 0/0
   133 | D:1      | Upgraded the game from 0.30.1-4-g462c640d31 to
                  | 0.30.1-6-gbe392663c4
   314 | D:1      | Reached XP level 2. HP: 21/22 MP: 0/0
   323 | D:1      | Found a faded altar of an unknown god.
   348 | D:1      | Reached skill level 1 in Fighting
   540 | D:1      | Reached XP level 3. HP: 18/27 MP: 0/0
   540 | D:1      | Learned a level 1 spell: Beastly Appendage
  1045 | D:2      | Reached XP level 4. HP: 30/33 MP: 0/0
  1056 | D:2      | Noticed Jessica
  1060 | D:2      | Killed Jessica
  1061 | D:2      | Reached skill level 2 in Fighting
  1193 | D:2      | Upgraded the game from 0.30.1-6-gbe392663c4 to
                  | 0.30.1-8-g117510f58f
  1204 | D:2      | Noticed Sigmund
  1381 | D:2      | Noticed Terence
  1389 | D:2      | Killed Terence
  1390 | D:2      | Reached XP level 5. HP: 6/39 MP: 0/0
  1390 | D:2      | Learned a level 2 spell: Wereblood
  2371 | D:3      | Noticed Robin
  2373 | D:3      | Killed Robin
  2484 | D:3      | Reached skill level 3 in Fighting
  2497 | D:3      | Reached XP level 6. HP: 39/46 MP: 0/0
  3394 | D:4      | Found a staircase to the Ecumenical Temple.
  3408 | Temple   | Entered the Ecumenical Temple
  3881 | Temple   | Became a worshipper of Makhleb the Destroyer
  4144 | D:5      | Entered Level 5 of the Dungeon
  4192 | D:5      | Reached XP level 7. HP: 48/51 MP: 0/0
  4192 | D:5      | Learned a level 2 spell: Static Discharge
  4199 | D:5      | Reached skill level 4 in Fighting
  4393 | D:5      | Reached skill level 5 in Fighting
  4393 | D:5      | Reached XP level 8. HP: 56/59 MP: 0/0
  5099 | D:2      | Reached skill level 5 in Spellcasting
  5108 | D:2      | Killed Sigmund
  5109 | D:2      | Reached skill level 5 in Dodging
  5309 | D:6      | Upgraded the game from 0.30.1-8-g117510f58f to
                  | 0.30.1-9-gdf580d7c3d
  5342 | D:6      | Reached skill level 6 in Fighting
  5533 | D:6      | Reached XP level 9. HP: 58/67 MP: 0/0
  5533 | D:6      | Learned a level 4 spell: Iskenderun's Mystic Blast
  5537 | D:6      | Reached * piety under Makhleb
  5743 | D:6      | Noticed a troll
  5916 | D:6      | Killed a troll
  5917 | D:6      | Reached skill level 7 in Fighting
  6403 | D:6      | Reached skill level 8 in Fighting
  6656 | D:7      | Reached XP level 10. HP: 57/76 MP: 0/0
  6660 | D:7      | Reached ** piety under Makhleb
  7209 | D:7      | Found a runed translucent gate.
  7209 | D:7      | Found a runed translucent gate.
  7209 | D:7      | Found a runed translucent gate.
  7210 | D:7      | Noticed Psyclone's ghost (novice DECj)
  7230 | D:7      | Noticed a two-headed ogre
  7231 | D:7      | Found an opulent altar of Gozag.
  7297 | D:7      | Reached skill level 9 in Fighting
  8257 | D:8      | Noticed a red ugly thing
  8266 | D:8      | Killed a red ugly thing
  8504 | D:8      | Reached *** piety under Makhleb
  8708 | D:8      | Reached XP level 11. HP: 66/85 MP: 0/0
  8708 | D:8      | Learned a level 4 spell: Animate Dead
  9063 | D:8      | Reached skill level 10 in Fighting
  9312 | D:9      | Found Sausch's Distillery.
  9321 | D:9      | Bought a potion of resistance for 120 gold pieces
  9321 | D:9      | Bought a potion of degeneration for 12 gold pieces
  9325 | D:9      | Found Xujuh's Weapon Shop.
  9339 | D:9      | Noticed a two-headed ogre
  9435 | D:9      | Found Cerorr's Assorted Antiques.
  9443 | D:9      | Bought a scroll of identify for 46 gold pieces
  9529 | D:9      | Found a staircase to the Orcish Mines.
  9582 | D:9      | Noticed a two-headed ogre
  9594 | D:9      | Killed a two-headed ogre
  9609 | D:9      | Found Plog's Magic Scroll Emporium.
  9618 | D:9      | Bought a scroll of teleportation for 48 gold pieces
  9618 | D:9      | Bought 2 scrolls of identify for 64 gold pieces
  9684 | D:9      | Noticed a soul eater
  9685 | D:9      | Noticed a sixfirhy
  9775 | D:9      | Noticed a manticore
  9775 | D:9      | Noticed a manticore
  9775 | D:9      | Noticed a centaur warrior
  9899 | D:9      | Killed a two-headed ogre
 10022 | D:9      | Noticed a green ugly thing
 10040 | D:9      | Killed a green ugly thing
 10041 | D:9      | Reached skill level 11 in Fighting
 10140 | D:9      | Killed a manticore
 10166 | D:9      | Found Imillodi's Weapon Shoppe.
 10236 | D:9      | Killed a centaur warrior
 10439 | D:10     | Entered Level 10 of the Dungeon
 10536 | D:10     | Found a broken altar of Ashenzari.
 10605 | D:9      | Reached **** piety under Makhleb
 10936 | D:10     | Found Vuj Loocva's Book Shoppe.
 11134 | D:10     | Reached XP level 12. HP: 87/94 MP: 0/0
 11140 | D:10     | Found a staircase to the Lair.
 11586 | D:11     | Noticed a two-headed ogre
 11613 | D:11     | Killed a two-headed ogre
 11614 | D:11     | Reached skill level 1 in Shields
 11916 | D:11     | Noticed a boulder beetle
 12360 | D:11     | Reached skill level 12 in Fighting
 12445 | D:11     | Noticed an ettin
 12452 | D:11     | HP: 3/95 [ettin/+0 dire flail of draining (34)]
 12545 | D:11     | Killed a boulder beetle
 12621 | D:11     | Killed an ettin
 12641 | D:11     | Reached skill level 10 in Spellcasting
 12739 | D:11     | Reached skill level 10 in Dodging
 12870 | D:11     | Noticed a centaur warrior
 12873 | D:11     | Noticed a sun demon
 12886 | D:11     | Killed a centaur warrior
 12952 | D:11     | Noticed a fire giant
 12976 | D:11     | Killed a fire giant
 12981 | D:11     | Paralysed by a floating eye for 2 turns
 12983 | D:11     | Reached ***** piety under Makhleb
 13003 | D:11     | Reached XP level 13. HP: 78/102 MP: 0/0
 13003 | D:11     | Learned a level 5 spell: Agony
 13148 | D:11     | Noticed an eight-headed hydra
 13153 | D:11     | Killed an eight-headed hydra
 13365 | D:11     | Reached skill level 13 in Fighting
 13724 | Lair:1   | Entered Level 1 of the Lair of Beasts
 14579 | Lair:2   | Noticed a five-headed hydra
 14599 | Lair:2   | HP: 2/104 [five-headed hydra (6)]
 14600 | Lair:2   | Slain by a five-headed hydra

Illustrated notes

Levels and vault maps discovered:
D:1:      saegor_arrival_simple_d, layout_loops_ring, basic_ecumenical_altar,
          minmay_indecisive_spiral
D:2:      layout_rooms, serial_corexii_hall, chequers_hall_statues_wall_a,
          chequers_hall_statues_corner_a, grunt_ministairs_2, uniq_terence,
          uniq_sigmund, uniq_jessica
D:3:      minmay_diamond_boxcup, layout_basic, corexii_corridor_pit,
          corexii_hall_statues_x, uniq_robin
D:4:      layout_gridville, minmay_temple_entry_waves
D:5:      layout_rooms
D:6:      cheibrodos_barr_body, layout_basic
D:7:      layout_basic, ebering_ghost_gozag, hangedman_decor_peaks_small,
          dk_noncrumbling_3, minmay_quadrilaterals
D:8:      layout_loops_cross, st_stairs_6
D:9:      layout_irregular_city, orc_0_dummy, serial_shops,
          nicolae_shop_tiny_real_fake_doors, shop, shop,
          nicolae_shop_hallway_stairs, kennysheep_mini, minivault_25_ag
D:10:     layout_rooms, ashenzari_conservatory_becter,
          grunt_lair_entry_orc_guard_hut, serial_shops,
          nicolae_shop_behind_doors
D:11:     nzn_winding_woodlands_stair_cross
          [nzn_winding_woodlands_5x15_river_crossing,
          nzn_winding_woodlands_center_lodge,
          nzn_winding_woodlands_5x15_default, nzn_winding_woodlands_hourglass,
          nzn_winding_woodlands_5x5_closed_star,
          nzn_winding_woodlands_5x15_lazy_stream,
          nzn_winding_woodlands_center_garden,
          nzn_winding_woodlands_5x15_jagged], layout_layer_cave,
          minmay_lindwurm_lava
Temple:   mainiacjoe_temple_starburst
Lair:1:   layout_cave_pods
Lair:2:   layout_regular_city, minivault_26, wad_woods_06,
          grunt_forest_stairs_clearing, infiniplex_staircase_pool_2,
          grunt_megastairs_4

Skill      XL: |  1  2  3  4  5  6  7  8  9 10 11 12 13 |
---------------+----------------------------------------+-----
Fighting       | 1 2 3 5 6 8 9 11 12 13 | 13.8
Spellcasting   | 3 4 5 6 8 9 10 11 | 11.1
Dodging        | 3 4 5 6 7 9 10 11 | 11.0
Shields        | 3 4 |  4.0
Stealth        | |  1.5

Action                     |  1- 3 |  4- 6 |  7- 9 | 10-12 | 13-15 || total
---------------------------+-------+-------+-------+-------+-------++-------
  Melee: Rapier            |       |       |       |     5 |       ||     5
         Scimitar          |       |       |       |     1 |     2 ||     3
   Cast: Foxfire           |    58 |    83 |   138 |    58 |     1 ||   338
         Scorch            |       |    42 |    54 |   127 |    24 ||   247
         Volatile Blastmot |       |       |     6 |    41 |       ||    47
         Iskenderun's Myst |       |       |       |   227 |    74 ||   301
         Flame Wave        |       |       |       |     8 |       ||     8
         Animate Dead      |       |       |       |     1 |       ||     1
         Inner Flame       |       |       |       |     1 |       ||     1
  Evoke: Wand              |       |       |       |     6 |     7 ||    13
    Use: Scroll            |       |     4 |     6 |    14 |     4 ||    28
         Potion            |       |       |       |     1 |       ||     1
 Armour: Robe              |     5 |       |       |       |       ||     5
         Leather armour    |       |     6 |     8 |       |       ||    14
         Troll leather arm |       |       |     5 |    33 |     9 ||    47
  Dodge: Dodged            |    19 |     1 |    26 |    89 |    19 ||   154
  Block: Buckler           |       |       |       |    14 |     6 ||    20
